 Dungeon Crawl Stone Soup version 0.32-a0-913-g739538afd8 (webtiles) character file.

Game seed: 18331695966550121273

152 Adrian566 the Slasher (level 5, -10/40 HPs)
             Began as a Demonspawn Gladiator on Apr 8, 2024.
             Killed by divine providence
             ... invoked by an orc priest
              (12 damage)
             ... on level 3 of the Dungeon.
             The game lasted 00:02:41 (2326 turns).

Adrian566 the Slasher (Demonspawn Gladiator)        Turns: 2326, Time: 00:02:42

Health: -10/40     AC: 11    Str: 14    XL:     5   Next: 11%
Magic:  0/5        EV: 12    Int:  8    God:
Gold:   72         SH:  0    Dex: 17    Spells: 4/4 levels left

rFire   . . .        a - +0 long sword
rCold   . . .        (no shield)
rNeg    . . .        b - +0 leather armour
rPois   .            c - +0 helmet
rElec   .            (no cloak)
rCorr   .            l - +0 pair of gloves {infuse}
SInv    .            (no boots)
Will    .....        (no amulet)
Stlth   ++           (no ring)
HPRegen 0.26/turn    (no ring)
MPRegen 0.09/turn

%: no passive effects
@: sanguine armoured, wreathed by umbra
A: sanguine armour 1, demonic magic 2, foul shadow 1
a: Convert to Beogh


You were on level 3 of the Dungeon.
You visited 1 branch of the dungeon, and saw 3 of its levels.

You collected 187 gold pieces.
You spent 115 gold pieces at shops.

Inventory:

Hand Weapons
 a - a +0 long sword (weapon)
Missiles
 d - 3 throwing nets (quivered)
 e - a javelin
Armour
 b - a +0 leather armour (worn)
 c - a +0 helmet (worn)
 l - a +0 pair of gloves of infusion (worn)
Scrolls
 i - a scroll of vulnerability
 j - a scroll of teleportation {unknown}
 k - a scroll of enchant armour {unknown}
Potions
 f - a potion of berserk rage
 g - a potion of heal wounds {unknown}
 h - a potion of ambrosia


   Skills:
 + Level 2.9 Fighting
 + Level 3.8 Long Blades
 + Level 1.8 Throwing
 + Level 1.6 Armour
 + Level 3.3 Dodging
 * Level 1.0 Stealth


You had 4 spell levels left.
You didn't know any spells.
Your spell library contained the following spells:

 Spells                   Type           Power      Damage    Failure   Level
 Freeze                   Ice            0%         1d3       47%         1
 Frozen Ramparts          Ice            0%         1d1       85%         3
 Hailstorm                Conj/Ice       0%         3d5       85%         3


Dungeon Overview and Level Annotations

Branches:
Dungeon (3/15)

Altars:

Shops:
D:3 [(


Innate Abilities, Weirdness & Mutations

When seriously injured, your blood forms armour. (AC +6)
Spells you cast may paralyse nearby enemies.
You are faintly shadowed, very rarely releasing foul flame when damaged in melee.


Message History

Unknown command.
You are too confused!
You hit the orc priest.
The orc priest is moderately wounded.
The endoplasm closely misses you. Something hits you but does no damage.
Something hits you.
The orc priest hits you but does no damage.
You hit the orc priest but do no damage.
The orc priest is moderately wounded.
The endoplasm freezes you.
You are frozen.
Something hits you.
You hear some strange, mumbled words.
A magic dart appears from out of thin air!
The magic dart hits you.
The orc priest hits you but does no damage.
You closely miss the orc priest.
The orc priest is moderately wounded.
The endoplasm hits you but does no damage.
Something hits you but does no damage. The orc priest barely misses you.
Something hits you but does no damage.
You hit the endoplasm.
The endoplasm is moderately wounded.
The endoplasm misses you.
The orc priest mumbles some strange prayers to Beogh against you.
Beogh smites you!
* * * LOW HITPOINT WARNING * * *
Something hits you but does no damage.
The orc priest shouts, "Surrender to Beogh and we'll let you live!"
The orc priest closely misses you. Something hits you.
* * * LOW HITPOINT WARNING * * *
The orc priest shouts, "Beogh offers mercy even to people such as you.
Join us and be reborn!"
You hit the orc priest.
The orc priest is severely wounded.
You feel less confused. The endoplasm freezes you.
You are frozen.
* * * LOW HITPOINT WARNING * * *
The orc priest invokes the aid of Beogh against you.
Beogh smites you!
You die...

### #. ..###### #..
.......+ .. #.######
#.##### # #.#
#.#...#.# #.#
#..K.<. #.#
#.{J{####.# #.#
#.##.o@o.....# #.#
#.###...####[# #.#
#.# #......# #.#
##### #.# #....#.#
#.# #...# #.# ####.#
# #.# #...# #.# #.#
#'###...# #.######.#
........###.##.....#
............##)....#


You could see 2 orc priests, an endoplasm and a kobold.

Vanquished Creatures
  2 bombardier beetles
  Jessica (D:2)
  An adder (D:2)
  3 dart slugs
  An orc (D:3)
  5 ball pythons
  4 endoplasms
  4 giant cockroaches
  2 goblins
  8 hobgoblins
  2 quokkas (D:2)
  4 bats
  A frilled lizard (D:2)
  5 kobolds
  3 rats
46 creatures vanquished.

Notes
Turn   | Place    | Note
-------+----------+-------------------------------------------
     0 | D:1      | Adrian566 the Demonspawn Gladiator began the quest for the
                  | Orb.
     0 | D:1      | Reached XP level 1. HP: 16/16 MP: 1/1
   242 | D:1      | Gained mutation: When seriously injured, your blood forms
                  | armour. (AC +6) [demonic ancestry]
   242 | D:1      | Reached XP level 2. HP: 21/22 MP: 2/2
  1166 | D:2      | Gained mutation: Spells you cast may paralyse adjacent
                  | enemies. [demonic ancestry]
  1166 | D:2      | Reached XP level 3. HP: 28/28 MP: 3/3
  1353 | D:2      | Found a faded altar of an unknown god.
  1448 | D:2      | Reached skill level 1 in Armour
  1448 | D:2      | Gained mutation: You are faintly shadowed, very rarely
                  | releasing foul flame when damaged in melee. [demonic
                  | ancestry]
  1448 | D:2      | Reached XP level 4. HP: 33/34 MP: 4/4
  1552 | D:2      | Noticed Jessica
  1565 | D:2      | Killed Jessica
  2071 | D:3      | Found Wahogura's Armour Emporium.
  2081 | D:3      | Bought a +0 pair of gloves of infusion for 115 gold pieces
  2124 | D:3      | Found Hit Fun's Weapon Boutique.
  2211 | D:3      | Gained mutation: Spells you cast may paralyse nearby
                  | enemies. [demonic ancestry]
  2211 | D:3      | Reached XP level 5. HP: 38/40 MP: 1/5
  2227 | D:3      | Reached skill level 1 in Stealth
  2326 | D:3      | HP: 2/40 [frozen (2)]
  2326 | D:3      | Killed from afar by an orc priest

Illustrated notes

Levels and vault maps discovered:
D:1:      mainiacjoe_arrival_reflecting_pool, layout_basic
D:2:      layout_basic, basic_ecumenical_altar, kennysheep_cross_bottleneck,
          uniq_jessica
D:3:      layout_basic, serial_shops, shop, nicolae_shop_statue_plus,
          chequers_serial_rivers_micro_d

Skill      XL: |  1  2  3  4  5 |
---------------+----------------+-----
Dodging        | 3 |  3.3
Long Blades    | 3 |  3.8
Armour         | 1 |  1.6
Stealth        | 1 |  1.0
Fighting       | |  2.9
Throwing       | |  1.8

Action                     |  1- 3 |  4- 6 || total
---------------------------+-------+-------++-------
  Melee: Long sword        |    92 |    49 ||   141
    Use: Scroll            |     3 |       ||     3
   Stab: Sleeping          |       |     2 ||     2
 Armour: Leather armour    |    72 |    38 ||   110
  Dodge: Dodged            |    58 |    40 ||    98

Table legend: (Time is in decaauts)
 A = Elapsed time spent in this place.
 B = Non-inter-level travel time spent in this place.
 C = Inter-level travel time spent in this place.
 D = Time resting spent in this place.
 E = Time spent auto-exploring this place.
 F = Levels seen in this place.
 G = Mean time per level.
                   A        B        C        D        E       F      G
               +--------+--------+--------+--------+--------+-----+--------+
         Total |   2360 |   2282 |     78 |    129 |   1805 |   3 |  786.7 |
       Dungeon |   2360 |   2282 |     78 |    129 |   1805 |   3 |  786.7 |
               +--------+--------+--------+--------+--------+-----+--------+

Top non-repeatable levels by time:
     D:1: 1042 daAuts
     D:2: 1032 daAuts
     D:3: 284 daAuts
